 Dungeon Crawl Stone Soup version 0.18-a0-900-gbbf5c82 (webtiles) character file.

69 deanyohobro the Covered (level 4, 0/31 HPs)
             Began as a Halfling Fighter on Dec 24, 2015.
             Was an Initiate of Okawaru.
             Succumbed to poison (a potion of poison)
             ... on level 2 of the Dungeon.
             The game lasted 00:06:54 (1613 turns).

deanyohobro the Covered (Halfling Fighter)          Turns: 1613, Time: 00:06:54

Health: 0/31       AC:  7    Str: 17    XL:     4   Next: 42%
Magic:  4/4        EV: 11    Int:  7    God:    Okawaru [......]
Gold:   147        SH:  7    Dex: 13    Spells: 0 memorised, 3 levels left

rFire  . . .     SeeInvis .     a - +0 long sword
rCold  . . .     Gourm    .     b - +0 scale mail
rNeg   . . .     Faith    .     e - +2 buckler
rPois  .         Spirit   .     (no helmet)
rElec  .         Dismiss  .     (no cloak)
rCorr  .         Reflect  .     (no gloves)
SustAt .         Harm     .     (no boots)
MR     .....                    (no amulet)
Stlth  ..........               (no ring)
                                (no ring)

@: lethally poisoned (0 -> -19), not resistant to hostile enchantments,
extremely unstealthy
A: mutation resistance 1
a: Renounce Religion


You were on level 2 of the Dungeon.
You worshipped Okawaru.
Okawaru was noncommittal.
You were not hungry.

You visited 1 branch of the dungeon, and saw 3 of its levels.

You collected 147 gold pieces.

Inventory:

Hand Weapons
 a - a +0 long sword (weapon)
 k - a +2 dagger of venom
Armour
 b - a +0 scale mail (worn)
 c - a +0 shield
 e - a +2 buckler (worn)
Jewellery
 s - a +5 amulet of reflection {unknown}
Scrolls
 h - a scroll of identify {unknown}
 i - 3 scrolls of blinking {unknown}
 j - a scroll of magic mapping {unknown}
 m - a scroll of random uselessness {unknown}
 o - a scroll of recharging {unknown}
 p - a scroll of remove curse {unknown}
Potions
 d - 2 potions of might
 g - a potion of magic {unknown}
 q - a potion of poison
 r - a potion of ambrosia {unknown}
 u - a potion of degeneration {unknown}
Books
 n - a book of Debilitation

   Spells                             Type                      Level
   a - Corona                         Hexes                        1
   b - Slow                           Hexes                        2
   c - Gell's Gravitas                Hexes/Translocation          3
   d - Inner Flame                    Hexes/Fire                   3
   e - Cause Fear                     Hexes                        4
   f - Leda's Liquefaction            Hexes/Earth                  4
Comestibles
 f - 3 bread rations
 l - a meat ration
 t - a chunk of flesh


   Skills:
 - Level 3.2 Fighting
 * Level 2.6 Long Blades
 - Level 3.8 Armour
 + Level 1.0 Dodging
 + Level 3.7 Shields


You had 3 spell levels left.
You didn't know any spells.

Dungeon Overview and Level Annotations

Branches:
Dungeon (3/15)

Altars:
Ashenzari
Gozag
Okawaru
Ru
The Shining One


Innate Abilities, Weirdness & Mutations

You are small and have problems with some larger weapons.
You are somewhat resistant to further mutation.


Message History

That liquid tasted very nasty...
You are lethally poisoned!
* * * LOW HITPOINT WARNING * * *
You feel sick. The adder misses you.
You hit the adder.
The adder is moderately wounded.
* * * LOW HITPOINT WARNING * * *
You feel sick. The adder misses you. The adder bites you but does no damage.
You hit the adder but do no damage.
The adder is moderately wounded.
* * * LOW HITPOINT WARNING * * *
You feel sick. You block the adder's attack.
You closely miss the adder.
The adder is moderately wounded.
* * * LOW HITPOINT WARNING * * *
You feel sick. The adder bites you but does no damage.
The adder barely misses you.
You closely miss the adder.
The adder is moderately wounded.
You die...

#.#### .. ..# #.
#.# #######
#.##.####.....#
#............(# #
##.#..##......#
#.##.#..##......#
#.......##..^...#
####.#####.##@###
#.#####.##S#
#.......##.#
#.########.# #.#
#.# ####.######
#.#
#..>...........
#.####.######.#
#.### .#


You could see an adder.

Vanquished Creatures
  2 adders
  2 oozes (D:1)
  2 giant geckos
  An orc (D:3)
  2 ball pythons (D:3)
  A bat (D:1)
  3 giant cockroaches
  5 hobgoblins (D:3)
  2 jackals (D:3)
  3 kobolds
  A quokka (D:3)
  4 giant newts
  4 goblins (D:1)
  5 rats
37 creatures vanquished.

Notes
Turn   | Place    | Note
--------------------------------------------------------------
     0 | D:1      | deanyohobro the Halfling Fighter began the quest for the Orb.
     0 | D:1      | Reached XP level 1. HP: 15/15 MP: 1/1
    51 | D:1      | Reached XP level 2. HP: 20/20 MP: 2/2
   257 | D:1      | Reached XP level 3. HP: 26/26 MP: 3/3
   718 | D:1      | You fall through a shaft!
   718 | D:2      | Found an opulent altar of Gozag.
   718 | D:2      | Found a shattered altar of Ashenzari.
   718 | D:2      | Found an iron altar of Okawaru.
   753 | D:2      | Became a worshipper of Warmaster Okawaru
   819 | D:3      | Found a sacrificial altar of Ru.
  1236 | D:3      | Found a glowing golden altar of the Shining One.
  1309 | D:3      | Reached XP level 4. HP: 31/31 MP: 4/4
  1581 | D:2      | Reached skill level 1 in Dodging
  1613 | D:2      | Succumbed to poison (a potion of poison)

Vault maps used:
D:1:      mrwooster_arrival_statue_2
D:2:      lemuel_coloured_pillars_altar, nicolae_overflow_hidden_temple
D:3:      nicolae_ru_path_of_blood, lemuel_crystal_altar, portal_sewer_entry_d

Action                   |  1- 3 |  4- 6 || total
-------------------------+-------+-------++-------
Melee: Long sword        |   106 |    29 ||   135
  Use: Potion            |       |     1 ||     1
  Eat: Chunk             |     1 |     1 ||     2
